 Dungeon Crawl Stone Soup version 0.30-a0-715-gdb4ae3ece1 (webtiles) character file.

Game seed: 15148006599352724800

886 freelancePsychic the Trooper (level 8, -1/59 HPs)
             Began as a Djinni Fighter on Jan 23, 2023.
             Was an Initiate of Cheibriados.
             Slain by Duvessa
             ... wielding a +0 rapier
              (3 damage)
             ... on level 5 of the Dungeon.
             The game lasted 00:07:44 (4814 turns).

freelancePsychic the Trooper (Djinni Fighter)       Turns: 4814, Time: 00:07:45

Health: -1/59      AC:  3    Str: 16    XL:     8   Next: 26%
Gold:   224        EV: 11    Int: 13    God:    Cheibriados [......] SH:  5 Dex: 17

rFire   + + .      SeeInvis .    w - +9 war axe "Jellyslayer" {vamp, Fly rElec Will+ Dex+3}
rCold   x . .      Faith    .    c - +0 buckler
rNeg    . . .      Spirit   .    k - +0 leather armour
rPois   ∞          Reflect  .    (no helmet)
rElec   +          Harm     .    (no cloak)
rCorr   +          Rampage  .    (no gloves)
Will    +....                    (boots unavailable)
Stlth   +++                      (no amulet)
HPRegen 0.29/turn                t - ring of resist corrosion
MPRegen 0.00/turn                (no ring)

@: flying, very slow
A: sickness immunity, fire resistance 2, cold vulnerability 1, float, innate
caster, HP casting, extra vitality 1
a: Renounce Religion


You were on level 5 of the Dungeon.
You worshipped Cheibriados.
Cheibriados was noncommittal.
You visited 2 branches of the dungeon, and saw 6 of its levels.

You collected 224 gold pieces.

Inventory:

Hand Weapons
 a - a +1 rapier of freezing
 i - a +1 dagger of speed
 w - the +9 war axe "Jellyslayer" (weapon) {vamp, Fly rElec Will+ Dex+3}
   (You found it on level 5 of the Dungeon)

   Dex:       It affects your dexterity (+3).
   rElec:     It insulates you from electricity.
   Fly:       It grants you flight.
   Will:      It increases your willpower.
Armour
 b - a +0 scale mail
 c - a +0 buckler (worn)
 k - a +0 leather armour (worn)
Jewellery
 q - a ring of see invisible
 t - a ring of resist corrosion (left hand)
Scrolls
 g - 2 scrolls of fog
 v - a scroll of amnesia {unknown}
Potions
 d - a potion of haste {unknown}
 e - a potion of degeneration {unknown}
 f - 2 potions of lignification
 h - 2 potions of resistance
 j - a potion of flight {unknown}
 l - 2 potions of ambrosia
 m - a potion of invisibility {unknown}
 o - a potion of cancellation {unknown}
 p - a potion of brilliance {unknown}
 r - 2 potions of mutation {unknown}
 s - a potion of might


   Skills:
 - Level 5.0 Fighting
 - Level 5.0 Short Blades
 - Level 3.0 Armour
 + Level 1.8 Dodging
 - Level 4.0 Stealth
 - Level 3.0 Shields
 * Level 2.0 Spellcasting


You had 5 spell levels left.
You knew the following spells:

 Your Spells              Type           Power      Damage    Failure   Level
a - Shock                 Conj/Air       24%        1d4       17%         1
b - Static Discharge      Conj/Air       12%        2-3/arc   26%         2
c - Call Canine Familiar  Summ           6%         N/A       45%         3
Your spell library was empty.

Dungeon Overview and Level Annotations

Branches:
Dungeon (5/15)             Temple (1/1) D:5

Altars:
Ashenzari
Cheibriados
Dithmenos
Elyvilon
Fedhas
Gozag
Hepliaklqana
Makhleb
Okawaru
Qazlal
Ru
Trog
Uskayaw
Wu Jian
Xom
Yredelemnul
Zin

Annotations:
D:4 exclusion: iguana
D:5 1 runed translucent door, Dowan; Duvessa; Menkaure; bronco's ghost, novice OpCj


Innate Abilities, Weirdness & Mutations

You are immune to sickness and miasma.
You are immune to poison.
Your flesh is very heat resistant. (rF++)
You are vulnerable to cold. (rC-)
You float through the air rather than walking.
You learn spells naturally, not from books.
Your magical power is your life essence.
You have superior vitality. (+4 MHP)


Message History

You are too injured to fight recklessly!
You are too injured to fight recklessly!
You are too injured to fight recklessly!
You are too injured to fight recklessly!
You are too injured to fight recklessly!
You barely miss Duvessa.
Duvessa is moderately wounded.
You hit Dowan.
You feel better. You block Duvessa's attack. Dowan casts a spell at you.
The puff of frost hits you!
You feel a terrible chill! Duvessa hits you with a +0 rapier!
You block Dowan's attack. Duvessa hits you with a +0 rapier!
* * * LOW HITPOINT WARNING * * *
As you read the scroll labelled RUFATR HUUNTAO, it crumbles to dust.
It is a scroll of enchant weapon.
Your +0 rapier of freezing glows red for a moment.
Duvessa completely misses you. Dowan hits you but does no damage.
Okay, then.
You aren't carrying any items that you can evoke.
It was a potion of curing.
You feel better. Duvessa misses you. Dowan hits you with a +0 dagger.
Duvessa closely misses you.
You feel better. Duvessa hits you with a +0 rapier!
Dowan points at you and mumbles some strange words.
You resist with almost no effort.
You hit Duvessa but do no damage.
Duvessa is moderately wounded.
You hit Dowan. You block Duvessa's attack. Duvessa hits you with a +0 rapier!
* * * LOW HITPOINT WARNING * * *
Dowan misses you.
You hit Duvessa.
You feel better.
Duvessa is heavily wounded.
You closely miss Dowan. Duvessa hits you with a +0 rapier.
* * * LOW HITPOINT WARNING * * *
Dowan hits you with a +0 dagger.
* * * LOW HITPOINT WARNING * * *
You block Duvessa's attack. Dowan hits you with a +0 dagger.
* * * LOW HITPOINT WARNING * * *
A shadow imp comes into view.
Duvessa hits you with a +0 rapier.
You die...

.......## #.##.####.#
######..####....####.###
##.................####
####.................#
##.....$....##.....
#.[...............
#.......>..#....(.
#.....e......5....
#....e@....##.
############


You could see Duvessa (fast), Dowan and a shadow imp (wandering).

Vanquished Creatures
  Sigmund (D:3)
  An ogre (D:4)
  A phantom (D:5)
  3 scorpions
  A hound (D:4)
  Natasha (thrice) (D:3)
  3 orc wizards
  3 gnolls (D:3)
  11 adders
  A shadow imp (D:5)
  2 worms
  3 dart slugs
  5 orcs
  8 endoplasms
  2 giant cockroaches (D:2)
  A goblin (D:2)
  8 hobgoblins
  3 jackals (D:1)
  4 quokkas
  5 ball pythons
  8 bats
  6 frilled lizards
  7 kobolds
  7 rats
97 creatures vanquished.

Notes
Turn   | Place    | Note
-------+----------+-------------------------------------------
     0 | D:1      | freelancePsychic the Djinni Fighter began the quest for the
                  | Orb.
     0 | D:1      | Reached XP level 1. HP: 20/20 MP: 0/0
    54 | D:1      | Reached XP level 2. HP: 25/25 MP: 0/0
   239 | D:1      | Reached XP level 3. HP: 30/30 MP: 0/0
   239 | D:1      | Learned a level 1 spell: Shock
   927 | D:2      | Reached XP level 4. HP: 35/35 MP: 0/0
  1143 | D:2      | Reached skill level 1 in Stealth
  1285 | D:2      | Reached XP level 5. HP: 39/41 MP: 0/0
  1285 | D:2      | Learned a level 2 spell: Static Discharge
  1735 | D:3      | Noticed Natasha
  1759 | D:3      | Killed Natasha
  1861 | D:3      | Noticed Natasha
  1875 | D:3      | Killed Natasha
  1921 | D:3      | Reached XP level 6. HP: 47/47 MP: 0/0
  2012 | D:3      | Noticed Sigmund
  2013 | D:3      | Noticed Natasha
  2020 | D:3      | Killed Sigmund
  2021 | D:3      | Reached XP level 7. HP: 53/53 MP: 0/0
  2021 | D:3      | Learned a level 3 spell: Call Canine Familiar
  2025 | D:3      | Killed Natasha
  2280 | D:3      | Reached skill level 5 in Fighting
  3395 | D:5      | Entered Level 5 of the Dungeon
  3484 | D:5      | Found a runed translucent door.
  3485 | D:5      | Noticed bronco's ghost (novice OpCj)
  3711 | D:5      | Noticed Duvessa
  3725 | D:5      | Found a staircase to the Ecumenical Temple.
  3740 | Temple   | Entered the Ecumenical Temple
  3960 | Temple   | Became a worshipper of Cheibriados the Contemplative
  4005 | Temple   | Reached skill level 5 in Short Blades
  4309 | D:5      | Noticed Menkaure
  4397 | D:5      | Identified the +9 war axe "Jellyslayer" {vamp, Fly rElec
                  | Will+ Dex+3}
  4422 | D:5      | Reached skill level 1 in Dodging
  4422 | D:5      | Reached skill level 1 in Spellcasting
  4422 | D:5      | Reached XP level 8. HP: 17/59 MP: 0/0
  4652 | D:5      | Noticed Dowan
  4814 | D:5      | HP: 2/59 [Dowan/+0 dagger (2)]
  4814 | D:5      | Slain by Duvessa

Illustrated notes

Levels and vault maps discovered:
D:1:      kennysheep_arrival_forest, layout_basic, serial_park_tiny_pond
D:2:      layout_basic
D:3:      layout_rooms, uniq_natasha, uniq_sigmund
D:4:      layout_basic
D:5:      layout_rooms, minmay_temple_entry_sparse_star, gammafunk_ghost_grave,
          uniq_menkaure, uniq_duvessa
Temple:   nicolae_temple_bog_church

Skill      XL: |  1  2  3  4  5  6  7  8 |
---------------+-------------------------+-----
Short Blades   | 2 3 4 5 |  5.0
Stealth        | 1 2 4 |  4.0
Fighting       | 4 5 |  5.0
Dodging        | 1 |  1.8
Spellcasting   | 1 2 |  2.0
Armour         | |  3.0
Shields        | |  3.0

Action                     |  1- 3 |  4- 6 |  7- 9 || total
---------------------------+-------+-------+-------++-------
  Melee: Rapier            |    70 |       |    59 ||   129
         Dagger            |    67 |   185 |   211 ||   463
         War axe           |       |       |    15 ||    15
    Use: Potion            |       |     2 |     5 ||     7
         Scroll            |       |     1 |     5 ||     6
   Stab: Sleeping          |       |     3 |     2 ||     5
 Armour: Scale mail        |    44 |       |       ||    44
         Leather armour    |     4 |    30 |    34 ||    68
         Skin              |       |       |    14 ||    14
  Dodge: Dodged            |    34 |    50 |    77 ||   161
  Block: Buckler           |    21 |    19 |    35 ||    75

Table legend: (Time is in decaauts)
 A = Elapsed time spent in this place.
 B = Non-inter-level travel time spent in this place.
 C = Inter-level travel time spent in this place.
 D = Time resting spent in this place.
 E = Time spent auto-exploring this place.
 F = Levels seen in this place.
 G = Mean time per level.
                   A        B        C        D        E       F      G
               +--------+--------+--------+--------+--------+-----+--------+
         Total |   4690 |   4531 |    159 |    398 |   3247 |   6 |  781.7 |
       Dungeon |   4302 |   4183 |    119 |    275 |   3080 |   5 |  860.4 |
        Temple |    388 |    348 |     40 |    123 |    167 |   1 |  388.0 |
               +--------+--------+--------+--------+--------+-----+--------+

Top non-repeatable levels by time:
     D:4: 1078 daAuts
     D:5: 873 daAuts
     D:3: 852 daAuts
     D:2: 770 daAuts
     D:1: 727 daAuts
  Temple: 388 daAuts
